 Dungeon Crawl Stone Soup version 0.27.0-1-g7a089689b8 (webtiles) character file.

Game seed: 14870635952533216330

223 Strat the Poker (level 6, -4/46 HPs)
             Began as a Merfolk Hunter on Aug 10, 2021.
             Slain by a gnoll (9 damage)
             ... on level 3 of the Dungeon.
             The game lasted 00:11:16 (1889 turns).

Strat the Poker (Merfolk Hunter)                    Turns: 1889, Time: 00:11:17

Health: -4/46      AC:  6    Str: 14    XL:     6   Next: 0%
Magic:  6/6        EV: 12    Int: 11    God:
Gold:   80         SH:  0    Dex: 14    Spells: 5/5 levels left

rFire    . . .     SeeInvis .   a - +0 trident
rCold    . . .     Faith    .   (no shield)
rNeg     . . .     Spirit   .   l - +1 ring mail
rPois    .         Reflect  .   (no helmet)
rElec    .         Harm     .   (no cloak)
rCorr    .         Rampage  .   (no gloves)
Will     .....                  (no boots)
Stlth    +.........             (no amulet)
HPRegen  0.15/turn              (no ring)
MPRegen  0.10/turn              (no ring)

@: no status effects
A: (nimble swimmer 2), mertail
a: no special abilities


You were on level 3 of the Dungeon.
You visited 1 branch of the dungeon, and saw 3 of its levels.

You collected 80 gold pieces.

Inventory:

Hand Weapons
 a - a +0 trident (weapon)
 j - a +0 short sword
Missiles
 c - 8 javelins (quivered)
 i - 72 stones
Armour
 b - a +0 leather armour
 l - a +1 ring mail (worn)
Potions
 f - 2 potions of brilliance


   Skills:
 - Level 2.8 Fighting
 * Level 5.9 Polearms
 - Level 4.0 Throwing
 + Level 5.1 Dodging
 - Level 1.1 Stealth


You had 5 spell levels left.
You didn't know any spells.
Your spell library contained the following spells:

 Spells                   Type           Power      Damage    Failure   Level
 Beastly Appendage        Tmut           0%         N/A       58%         1
 Foxfire                  Conj/Fire      0%         2x1d4     58%         1
 Shock                    Conj/Air       0%         1d3       58%         1
 Wereblood                Tmut           0%         N/A       73%         2
 Conjure Flame            Conj/Fire      0%         6-21      91%         3
 Inner Flame              Hex/Fire       0%         N/A       91%         3
 Spider Form              Tmut/Pois      0%         N/A       91%         3
 Swiftness                Air            0%         N/A       91%         3
 Airstrike                Air            0%         N/A       100%        4


Dungeon Overview and Level Annotations

Branches:
Dungeon (3/15)

Altars:

Shops:
D:2 [

Annotations:
D:2 1 runed translucent door, Crazy Yiuf


Innate Abilities, Weirdness & Mutations

((You are quick and stealthy near water. (Stealth+, EV+, Speed+++)))
Your lower body shifts to a powerful aquatic tail in water.


Message History

You hit the gnoll but do no damage.
You strike the helpless gnoll from behind!
You hit the gnoll.
You kill the gnoll!
You hit the gnoll.
The gnoll is heavily wounded.
The gnoll barely misses you.
You barely miss the gnoll.
The gnoll is heavily wounded.
You flicker back into view.
The gnoll barely misses you.
You completely miss the gnoll.
The gnoll is heavily wounded.
The gnoll hits you with a +0 flail.
* * * LOW HITPOINT WARNING * * *
You closely miss the gnoll.
The gnoll is heavily wounded.
The gnoll closely misses you.
You barely miss the gnoll.
The gnoll is heavily wounded.
The gnoll hits you but does no damage.
You puncture the gnoll!
You kill the gnoll!
You have reached level 6!
Your experience leads to an increase in your attributes!
Increase (S)trength, (I)ntelligence, or (D)exterity?
You feel stronger.
You hit the gnoll.
The gnoll is heavily wounded.
The gnoll hits you with a +0 flail.
* * * LOW HITPOINT WARNING * * *
You hit the gnoll but do no damage.
The gnoll is heavily wounded.
The gnoll hits you with a +0 flail.
* * * LOW HITPOINT WARNING * * *
Your magical contamination has completely faded away.
You hit the gnoll.
The gnoll is almost dead.
The gnoll hits you with a +0 flail!
You die...

.....# #.# #...# ..##.#
#.########...### .)##.#
#...............
..##.#####..............
........................
..##.#####.#####.#...#.
.....#####.# #.# ..#
####.......# #.# #
####.####### #@# ..#
...#.# ####g#...#.
.#.#.# ####..........#
.#.#.# ..#....)...###
.....# #.#.#####.##
##.### ####.#.#### .#
##.# #.........# # ...#
#..#.#.##..... #### #
#.#.# .#.#


You could see a gnoll.

Vanquished Creatures
  A centaur (D:3)
  An orc wizard (D:3)
  2 gnolls (D:3)
  4 adders
  2 worms
  3 dart slugs
  3 orcs (D:3)
  4 ball pythons
  3 endoplasms
  A giant cockroach (D:1)
  3 goblins
  4 hobgoblins
  7 jackals
  2 quokkas (D:1)
  7 bats
  A frilled lizard (D:1)
  4 kobolds
  7 rats
59 creatures vanquished.

Vanquished Creatures (others)
  An adder (D:3)
1 creature vanquished.

Grand Total: 60 creatures vanquished

Notes
Turn   | Place    | Note
-------+----------+-------------------------------------------
     0 | D:1      | Strat the Merfolk Hunter began the quest for the Orb.
     0 | D:1      | Reached XP level 1. HP: 16/16 MP: 1/1
   102 | D:1      | Reached XP level 2. HP: 8/23 MP: 2/2
   342 | D:1      | Reached skill level 1 in Polearms
   396 | D:1      | Reached XP level 3. HP: 9/28 MP: 3/3
   600 | D:2      | Found a runed translucent door.
   601 | D:2      | Noticed Crazy Yiuf
   902 | D:2      | Reached XP level 4. HP: 29/34 MP: 4/4
  1103 | D:2      | Found Tierarphio's Antique Armour Boutique.
  1798 | D:3      | Reached XP level 5. HP: 7/40 MP: 5/5
  1853 | D:3      | Noticed a centaur
  1878 | D:3      | Killed a centaur
  1879 | D:3      | Reached skill level 5 in Polearms
  1879 | D:3      | Reached skill level 5 in Dodging
  1887 | D:3      | Reached XP level 6. HP: 13/46 MP: 6/6
  1889 | D:3      | Slain by a gnoll

Illustrated notes

Levels and vault maps discovered:
D:1:      onia_arrival_mini_spirals, layout_basic
D:2:      layout_basic, serial_shops, nicolae_shop_crystal,
          uniq_crazy_yiuf_cottage
D:3:      layout_loops_cross

Skill      XL: |  1  2  3  4  5 |
---------------+----------------+-----
Dodging        | 3 4 5 |  5.1
Polearms       | 1 3 4 5 |  5.9
Fighting       | |  2.8
Throwing       | |  4.0
Stealth        | |  1.1

Action                   |  1- 3 |  4- 6 || total
-------------------------+-------+-------++-------
Melee: Short sword       |    43 |       ||    43
       Trident           |    79 |   116 ||   195
Throw: Javelin           |     9 |     6 ||    15
       Throwing net      |     4 |       ||     4
       Stone             |     5 |       ||     5
  Use: Scroll            |       |     4 ||     4
       Potion            |       |     3 ||     3
 Stab: Held in net/web   |     1 |       ||     1
       Invisible         |       |     1 ||     1
Armor: Leather armour    |    26 |     7 ||    33
       Ring mail         |       |    24 ||    24
Dodge: Dodged            |    81 |    75 ||   156
